 Dungeon Crawl Stone Soup version 0.28-a0-384-g9e0c098162 (webtiles) character file.

Game seed: 9631356232131065305

7905 funkygono the Destroyer (level 11, -7/58 HPs)
             Began as a Gargoyle Fire Elementalist on Sept 2, 2021.
             Was a Believer of Vehumet.
             Mangled by a yak (12 damage)
             ... on level 9 of the Dungeon on Sept 3, 2021.
             The game lasted 00:26:50 (12185 turns).

funkygono the Destroyer (GrFE)                     Turns: 12185, Time: 00:26:50

Health: -7/58      AC: 12    Str: 11    XL:     11   Next: 22%
Magic:  9/33       EV: 12    Int: 20    God:    Vehumet [**....]
Gold:   536        SH:  0    Dex: 10    Spells: 1/28 levels left

rFire   + . .      SeeInvis .   t - +1 whip
rCold   x . .      Faith    .   (no shield)
rNeg    + . .      Spirit   .   a - +1 robe
rPois   ∞          Reflect  .   (no helmet)
rElec   +          Harm     .   w - scarf {+Inv}
rCorr   .          Rampage  .   D - +0 pair of gloves
Will    .....                   (no boots)
Stlth   ++........              G - amulet of magic regeneration
HPRegen 0.19/turn               l - ring of magical power
MPRegen 0.48/turn               k - ring of fire

@: very slightly contaminated
A: sickness immunity, AC +8, negative energy resistance 1, electricity
resistance, torment resistance 1, petrification resistance
a: Renounce Religion, Evoke Invisibility


You were on level 9 of the Dungeon.
You worshipped Vehumet.
Vehumet was pleased with you.
You visited 2 branches of the dungeon, and saw 11 of its levels.

You collected 536 gold pieces.

Inventory:

Hand Weapons
 s - a +0 flail
 t - a +1 whip (weapon)
Missiles
 b - 190 stones
 r - 2 throwing nets
Armour
 a - a +1 robe (worn)
 e - a +0 kite shield
 w - a scarf of invisibility (worn)
 B - a +2 troll leather armour {Snorg}
 D - a +0 pair of gloves (worn)
Magical Staves
 I - a staff of air
Jewellery
 d - a +6 ring of strength
 k - a ring of fire (right hand)
 l - a ring of magical power (left hand)
 p - a ring of resist corrosion
 G - an amulet of magic regeneration (around neck)
Wands
 c - a wand of acid (12)
 A - a wand of iceblast (26)
 H - a wand of mindburst (7)
Scrolls
 j - a scroll of fear
 m - a scroll of fog
 q - 2 scrolls of identify
 v - a scroll of teleportation
 C - 4 scrolls of magic mapping
 E - 3 scrolls of amnesia
Potions
 f - a potion of berserk rage
 g - a potion of brilliance
 h - 2 potions of heal wounds
 i - 2 potions of cancellation
 n - a potion of mutation
 o - 2 potions of resistance
 u - a potion of ambrosia
 x - 2 potions of lignification
 z - 2 potions of curing


   Skills:
 + Level 2.3 Fighting
 + Level 2.2 Maces & Flails
 + Level 2.6 Dodging
 - Level 2.1 Stealth
 * Level 9.0 Spellcasting
 * Level 9.6 Conjurations
 * Level 9.2 Fire Magic
 * Level 6.3 Earth Magic


You had one spell level left.
You knew the following spells:

 Your Spells              Type           Power      Damage    Failure   Level
a - Foxfire               Conj/Fire      100%       2x1d9     1%          1
b - Conjure Flame         Conj/Fire      63%        6-21      1%          3
c - Sticky Flame          Conj/Fire      63%        2d8       1%          4
d - Fireball              Conj/Fire      31%        3d13      4%          5
e - Stone Arrow           Conj/Erth      82%        3d12      1%          3
f - Sandblast             Erth           68%        2d15      1%          1
g - Blink                 Tloc           N/A        N/A       12%         2
h - Bolt of Magma         Conj/Fire/Erth 29%        4d13      7%          5
i - Ignite Poison         Fire/Tmut/Pois 32%        N/A       6%          3

Your spell library contained the following spells:

 Spells                   Type           Power      Damage    Failure   Level
 Inner Flame              Hex/Fire       41%        N/A       3%          3
 Gell's Gravitas          Tloc           4%         N/A       22%         3
 Lesser Beckoning         Tloc           9%         N/A       22%         3
 Teleport Other           Tloc           9%         N/A       22%         3
 Manifold Assault         Tloc           9%         N/A       91%         5
 Dispersal                Tloc           4%         N/A       100%        6
 Shatter                  Erth           17%        3d16*     100%        9


Dungeon Overview and Level Annotations

Branches:
Dungeon (10/15)            Temple (1/1) D:5            Lair (0/6) D:10
    Orc: D:9-12

Altars:
Ashenzari
Cheibriados
Dithmenos
Elyvilon
Fedhas
Gozag
Hepliaklqana
Kikubaaqudgha
Makhleb
Nemelex Xobeh
Okawaru
Ru
Sif Muna
Trog
Uskayaw
Vehumet
Wu Jian
Xom
Yredelemnul
Zin
The Shining One
Jiyva

Shops:
D:7 *

Annotations:
D:4 2 transporters, Zgarb's ghost, weakling DsDe
D:8 3 runed translucent doors, Nikola2751's ghost, novice DsFi


Innate Abilities, Weirdness & Mutations

You are immune to sickness and miasma.
Your stone body is resilient. (AC +8)
You are immune to poison.
You resist negative energy. (rN+)
You are resistant to electric shocks. (rElec)
You are resistant to unholy torment.
You are immune to petrification.


Message History

The yak misses you.
You hit the yak but do no damage.
The yak is severely wounded.
The yak closely misses you.
Casting: Bolt of Magma (dangerous; 7% risk of failure)
Confirm with . or Enter, or press ? or * to list all spells.
Aiming: Sticky Flame (dangerous; 1% risk of failure)
Press: ? - help, Shift-Dir - straight line, f - yak
Aim: a yak (severely wounded, 100% to hit)
You feel a surge of power!
The sticky flame hits the yak!
You kill the yak!
Vehumet accepts your kill.
Unknown command.
You see here a yak corpse.
Casting: Sticky Flame (dangerous; 1% risk of failure)
Confirm with . or Enter, or press ? or * to list all spells.
Aiming: Sticky Flame (dangerous; 1% risk of failure)
Press: ? - help, Shift-Dir - straight line, f - yak
Aim: a yak (100% to hit)
You feel a surge of power!
The sticky flame hits the yak but does no damage.
The yak is covered in liquid flames!
The yak burns!
The yak gores you!
* * * LOW HITPOINT WARNING * * *
You hit the yak.
The yak is lightly wounded.
The yak burns!
The yak gores you!
* * * LOW HITPOINT WARNING * * *
You hit the yak.
The yak is moderately wounded.
The yak burns!
The yak stops burning.
The yak gores you.
* * * LOW HITPOINT WARNING * * *
Casting: Sticky Flame (dangerous; 1% risk of failure)
Confirm with . or Enter, or press ? or * to list all spells.
Aiming: Sticky Flame (dangerous; 1% risk of failure)
Press: ? - help, Shift-Dir - straight line, f/p - yak
Aim: a yak (moderately wounded, 100% to hit)
You feel a surge of power!
The sticky flame hits the yak!
The yak is severely wounded.
The yak is covered in liquid flames!
The yak burns!
The yak gores you!
You die...

#.......# #.....[.
#.......# #.......
#.......# #.......
#.......######..<....
#.......'....#.......
#.......####.........
####'#### ##.......
#.# #@# #Y# ######+
#†# ....... ####'####
........ #.......#
###.....!..
#.......###.'Y.YY..Y.
#.......##..#........
#.......##.## ..#####
#......('..# ### .


You could see a yak (burning).

Vanquished Creatures
  Snorg (D:10)
  Erica (D:10)
  A manticore (D:9)
  A wyvern (D:9)
  A wraith (D:10)
  18 yaks
  2 water moccasins
  Duvessa (D:5)
  2 black bears
  An orc warrior (D:7)
  An ice beast (D:8)
  5 ogres
  2 sky beasts
  A necrophage (D:7)
  4 centaurs
  A phantom (D:7)
  3 bullfrogs
  A wyvern zombie (D:8)
  Dowan (D:5)
  A scorpion (D:5)
  5 wights
  4 centaur zombies
  A bullfrog zombie (D:5)
  5 hounds
  2 jellies (D:6)
  A centaur skeleton (D:7)
  A bullfrog skeleton (D:6)
  4 iguanas
  5 orc wizards
  A howler monkey zombie (D:9)
  4 gnolls (D:4)
  9 adders
  A howler monkey skeleton (D:4)
  An ufetubus (D:6)
  A worm (D:2)
  2 dart slugs
  20 orcs
  8 bats
  7 endoplasms
  A giant cockroach (D:2)
  16 goblins
  7 hobgoblins
  5 jackals (D:2)
  5 kobolds
  7 quokkas
  4 ball pythons
  4 frilled lizards
  7 rats
187 creatures vanquished.

Vanquished Creatures (others)
  802 foxfires
802 creatures vanquished.

Grand Total: 989 creatures vanquished

Notes
Turn   | Place    | Note
-------+----------+-------------------------------------------
     0 | D:1      | funkygono the Gargoyle Fire Elementalist began the quest
                  | for the Orb.
     0 | D:1      | Reached XP level 1. HP: 10/10 MP: 3/3
   292 | D:1      | Reached XP level 2. HP: 15/15 MP: 1/5
   344 | D:1      | Found a faded altar of an unknown god.
  1325 | D:2      | Reached XP level 3. HP: 19/19 MP: 4/6
  1329 | D:2      | Learned a level 3 spell: Conjure Flame
  2050 | D:2      | Found a bloodstained altar of Trog.
  2510 | D:2      | Reached XP level 4. HP: 24/24 MP: 4/8
  2583 | D:2      | Learned a level 3 spell: Stone Arrow
  3333 | D:3      | Reached XP level 5. HP: 27/28 MP: 1/9
  3992 | D:4      | Reached skill level 1 in Earth Magic
  4130 | D:4      | Found a transporter.
  4134 | D:4      | Found a transporter.
  4134 | D:4      | Noticed Zgarb's ghost (weakling DsDe)
  4309 | D:4      | Reached XP level 6. HP: 30/32 MP: 11/11
  4520 | D:4      | Found a glowing silver altar of Zin.
  4755 | D:4      | Learned a level 4 spell: Sticky Flame
  4796 | D:5      | Entered Level 5 of the Dungeon
  4833 | D:5      | Found a staircase to the Ecumenical Temple.
  4854 | Temple   | Entered the Ecumenical Temple
  4879 | Temple   | Became a worshipper of Vehumet
  5035 | D:5      | Reached XP level 7. HP: 36/36 MP: 12/12
  5181 | D:5      | Reached skill level 5 in Fire Magic
  5519 | D:5      | Reached skill level 5 in Conjurations
  5573 | D:5      | Noticed Duvessa
  5575 | D:5      | Noticed Dowan
  5586 | D:5      | Killed Duvessa
  5587 | D:5      | Reached XP level 8. HP: 41/41 MP: 15/15
  5596 | D:5      | Killed Dowan
  5597 | D:5      | Reached skill level 5 in Spellcasting
  5910 | D:5      | Learned a level 5 spell: Fireball
  6677 | D:6      | Reached * piety under Vehumet
  6677 | D:6      | Offered knowledge of Freeze by Vehumet.
  7104 | D:6      | Reached skill level 1 in Fighting
  7275 | D:7      | You fall into a shaft and drop 3 floors!
  7275 | D:10     | Entered Level 10 of the Dungeon
  7301 | D:10     | Reached XP level 9. HP: 39/48 MP: 17/17
  7760 | D:10     | Noticed Erica
  7769 | D:10     | Killed Erica
  7770 | D:10     | Reached skill level 1 in Maces & Flails
  7821 | D:10     | Noticed Snorg
  7831 | D:10     | Killed Snorg
  7832 | D:10     | Reached XP level 10. HP: 45/53 MP: 20/21
  8130 | D:10     | Found a staircase to the Lair.
  8206 | D:9      | Reached skill level 5 in Earth Magic
  8773 | D:7      | Found Syroch's Serpentskin Sales.
  9038 | D:7      | Found a basalt altar of Yredelemnul.
  9654 | D:7      | Reached ** piety under Vehumet
  9654 | D:7      | Offered knowledge of Sandblast by Vehumet.
 10241 | D:7      | Identified the +11 hunting sling of the Assorted Moons
                  | {venom, Dex+5}
 10257 | D:7      | Learned a level 1 spell: Sandblast
 10260 | D:7      | Learned a level 2 spell: Blink
 10266 | D:7      | Learned a level 5 spell: Bolt of Magma
 10331 | D:8      | Upgraded the game from 0.28-a0-381-g937acc2988 to
                  | 0.28-a0-384-g9e0c098162
 10638 | D:8      | Found a runed translucent gate.
 10638 | D:8      | Found a runed translucent gate.
 10638 | D:8      | Found a runed translucent gate.
 10641 | D:8      | Found a viscous altar of Jiyva.
 10641 | D:8      | Noticed Nikola2751's ghost (novice DsFi)
 11523 | D:8      | Reached XP level 11. HP: 52/57 MP: 23/23
 11835 | D:9      | Noticed a manticore
 11851 | D:9      | HP: 1/57 [manticore (10)]
 11853 | D:9      | Killed a manticore
 12098 | D:9      | Offered knowledge of Ignite Poison by Vehumet.
 12103 | D:9      | Learned a level 3 spell: Ignite Poison
 12185 | D:9      | Mangled by a yak

Illustrated notes

Levels and vault maps discovered:
D:1:      erik_arrival_orb_chamber, layout_basic,
          hellmonk_ecumenical_altar_blasted, chequers_serial_rivers_large_a
D:2:      layout_loops_corners, basic_altar, moated_statue,
          minmay_goblin_kobold_house
D:3:      layout_loops_ring, feat_on_display
D:4:      layout_rooms, zin_statuary, gammafunk_ghost_mausoleum,
          kennysheep_generic_room_6
D:5:      layout_gridville, minmay_temple_entry_water_ring, minmay_checkerbox,
          uniq_duvessa
D:6:      layout_basic, nrook_uturn
D:7:      layout_loops_corners, marbit_many_paths,
          nicolae_ossuary_entry_false_entrances, grunt_ministairs_15,
          guppyfry_shop_venom
D:8:      layout_gridville, gammafunk_ghost_ooze
D:9:      layout_roguey, gammafunk_temple_overflow_wave,
          kennysheep_orc_monster_closet_entryway
D:10:     layout_cross, lair_entry_dummy, uniq_erica, uniq_snorg
Temple:   regret_index_temple_mists

Skill      XL: |  1  2  3  4  5  6  7  8  9 10 11 |
---------------+----------------------------------+-----
Fire Magic     | 4 5 6 7 8 9 |  9.2
Conjurations   | 3 4 5 6 8 9 |  9.6
Earth Magic    | 1 2 3 4 5 6 |  6.3
Spellcasting   | 3 4 5 7 8 9 |  9.0
Fighting       | 1 2 |  2.3
Maces & Flails | 1 2 |  2.2
Dodging        | 2 |  2.6
Stealth        | |  2.1

Action                   |  1- 3 |  4- 6 |  7- 9 | 10-12 || total
-------------------------+-------+-------+-------+-------++-------
Melee: Unarmed           |     3 |       |       |       ||     3
       Club              |     8 |     6 |       |       ||    14
       Whip              |       |     1 |    11 |    79 ||    91
 Cast: Foxfire           |    82 |    95 |   163 |   130 ||   470
       Sticky Flame      |       |       |     1 |    23 ||    24
       Conjure Flame     |       |       |       |     1 ||     1
       Bolt of Magma     |       |       |       |     3 ||     3
  Use: Scroll            |     2 |     4 |     6 |     8 ||    20
       Potion            |       |       |       |     2 ||     2
Armor: Robe              |     7 |     1 |    20 |    78 ||   106
Dodge: Dodged            |    15 |    10 |    31 |   120 ||   176

Table legend: (Time is in decaauts)
 A = Elapsed time spent in this place.
 B = Non-inter-level travel time spent in this place.
 C = Inter-level travel time spent in this place.
 D = Time resting spent in this place.
 E = Time spent auto-exploring this place.
 F = Levels seen in this place.
 G = Mean time per level.
                   A        B        C        D        E       F      G
               +--------+--------+--------+--------+--------+-----+--------+
         Total |  12264 |  11981 |    283 |   1028 |   8822 |  11 | 1114.9 |
       Dungeon |  12074 |  11820 |    254 |   1028 |   8685 |  10 | 1207.4 |
        Temple |    190 |    161 |     29 |      0 |    137 |   1 |  190.0 |
               +--------+--------+--------+--------+--------+-----+--------+

Top non-repeatable levels by time:
     D:7: 2688 daAuts
     D:2: 1728 daAuts
     D:1: 1299 daAuts
     D:6: 1276 daAuts
     D:5: 988 daAuts
     D:3: 971 daAuts
    D:10: 905 daAuts
     D:4: 810 daAuts
     D:9: 725 daAuts
     D:8: 679 daAuts
  Temple: 190 daAuts
